 Dungeon Crawl Stone Soup version 0.27-a0-216-g1fbed8a51c (webtiles) character file.

Game seed: 12917390369177425857

687535 zxkuqyb the Executioner (level 27, -13/188 HPs)
             Began as a Gargoyle Berserker on Jan 28, 2021.
             Was the Champion of the Shining One.
             Mangled by an iron troll (17 damage)
             ... created by the rage of Trog
             ... on level 3 of Tartarus on Jan 31, 2021.
             The game lasted 06:52:45 (70104 turns).

zxkuqyb the Executioner (Gargoyle Berserker)       Turns: 70104, Time: 06:52:45

Health: -13/188    AC: 73    Str: 29 (36) XL:     27
Magic:  33/33      EV: 15    Int:  8      God:    the Shining One [******]
Gold:   9187       SH:  0    Dex: 11      Spells: 26/26 levels left

rFire    + . .     SeeInvis +   R - +9 executioner's axe of the Boar {flame, SInv}
rCold    . . .     Faith    .   (shield currently unavailable)
rNeg     + + +     Spirit   .   G - +9 crystal plate armour "Oshro" {rElec rPois rCorr}
rPois    ∞         Reflect  .   w - +2 hat {Will+}
rElec    +         Harm     .   b - +2 cloak {Will+}
rCorr    +         Rampage  +   g - +0 pair of gloves "Suir" {rF+ Regen+ Stlth+}
Will     +++++                  v - +2 pair of boots {rampage}
Stlth    ..........             o - amulet of the acrobat
HPRegen  0.81/turn              f - ring of the Smoking Queen {+Inv MP+9 Str+2 Slay+3}
MPRegen  0.23/turn              H - ring of the Locust {Will+ Dex+2}

@: flying, slowed, glowing, very slow
A: big wings, icy blue scales 1, strong-willed 1, negative energy resistance 1,
electricity resistance, unbreathing, petrification resistance, miasma immunity,
AC +20
}: 4/15 runes: decaying, serpentine, slimy, silver
a: Stop Flying, Renounce Religion, Evoke Invisibility, Divine Shield, Cleansing
Flame, Summon Divine Warrior, Brand Weapon With Holy Wrath


You were on level 3 of Tartarus.
You worshipped the Shining One.
The Shining One was exalted by your worship.
You visited 14 branches of the dungeon, and saw 58 of its levels.
You visited 1 bazaar.
You also visited: Trove, Sewer, Bailey, Ice Cave and Desolation.

You collected 11253 gold pieces.
You spent 2066 gold pieces at shops.

Inventory:

Hand Weapons
 R - the +9 executioner's axe of the Boar (weapon) {flame, SInv}
   (Trog gifted it to you on level 6 of the Lair of Beasts)

   It has been specially enchanted to burn those struck by it, causing extra
   injury to most foes and up to half again as much damage against particularly
   susceptible opponents.
   Big, fiery blades are also staple armaments of hydra-hunters.
   It lets you see invisible.
Missiles
 I - 14 silver javelins (quivered)
Armour
 b - a +2 cloak of willpower (worn)
 g - the +0 pair of gloves "Suir" (worn) {rF+ Regen+ Stlth+}
   (You bought it in a shop in a bazaar)

   It protects you from fire.
   It increases your rate of regeneration.
   It makes you more stealthy.
 m - a +2 helmet
 v - a +2 pair of boots of rampaging (worn)
 w - a +2 hat of willpower (worn)
 G - the +9 crystal plate armour "Oshro" (worn) {rElec rPois rCorr}
   (You acquired it on level 4 of the Swamp)

   It insulates you from electricity.
   It protects you from poison.
   It provides partial protection from all sources of acid and corrosion.
Jewellery
 f - the ring of the Smoking Queen (left hand) {+Inv MP+9 Str+2 Slay+3}
   (You found it in the Desolation of Salt)

   [ring of magical power]

   It affects your strength (+2).
   It affects your accuracy and damage with ranged weapons and melee attacks
   (+3).
   It affects your magic capacity (+9).
   It lets you turn invisible.
 o - an amulet of the acrobat (around neck)
 p - the amulet of Ladimem {RegenMP rF+ rC- rN+ Dex+4}
   (You found it on level 2 of the Elven Halls)

   [amulet of magic regeneration]

   It increases your magic regeneration.
   It affects your dexterity (+4).
   It protects you from fire.
   It makes you vulnerable to cold.
   It protects you from negative energy.
 u - an uncursed ring of willpower
 C - a +4 ring of slaying
 H - the ring of the Locust (right hand) {Will+ Dex+2}
   (You found it on level 6 of the Lair of Beasts)

   [ring of willpower]

   It affects your dexterity (+2).
   It affects your willpower, your defense against some magical effects.
 J - the amulet "Festru" {Reflect rElec Dex-4 SH+5 SInv Stlth+}
   (You found it on level 5 of the Pits of Slime)

   [amulet of reflection]

   It shields you and reflects attacks.
   It affects your dexterity (-4).
   It insulates you from electricity.
   It lets you see invisible.
   It affects your SH (+5).
   It makes you more stealthy.
 L - an uncursed ring of protection from cold
 S - an uncursed ring of resist corrosion
 W - the amulet of Twilight {Acrobat *Slow rElec Str+3}
   (You found it in the Desolation of Salt)

   [amulet of the acrobat]

   It helps you evade while moving and waiting.
   It affects your strength (+3).
   It insulates you from electricity.
   It may slow you when you take damage.
Wands
 t - a wand of paralysis (47)
 y - a wand of iceblast (59)
 N - a wand of acid (58)
 T - a wand of digging (19)
 U - a wand of mindburst (21)
 Y - a wand of polymorph (20)
Scrolls
 a - a scroll of silence
 d - 3 scrolls of blinking
 e - 26 scrolls of remove curse
 h - 8 scrolls of fog
 k - 11 scrolls of enchant armour
 l - 19 scrolls of teleportation
 q - 2 scrolls of summoning
 s - 3 scrolls of identify
 E - a scroll of magic mapping
 K - 2 scrolls of brand weapon
 X - 6 scrolls of fear
 Z - 2 scrolls of holy word
Potions
 c - 4 potions of invisibility
 n - 6 potions of ambrosia
 z - 12 potions of might
 A - 2 potions of haste
 B - 19 potions of curing
 D - 3 potions of resistance
 M - a potion of berserk rage
 O - 7 potions of cancellation
 P - 12 potions of heal wounds
 Q - 7 potions of mutation
Miscellaneous
 i - a box of beasts
 j - a lightning rod (4/4)
 r - a phantom mirror
 x - a phial of floods
 F - the horn of Geryon
 V - a condenser vane


   Skills:
 + Level 23.4 Fighting
 * Level 25.7 Axes
 + Level 24.5 Armour
 + Level 18.0 Dodging
 - Level 1.0 Shields
 * Level 2.1 Invocations
 + Level 19.3 Evocations


You had 26 spell levels left.
You didn't know any spells.
Your spell library was empty.

Dungeon Overview and Level Annotations

Branches:
Dungeon (15/15)            Temple (1/1) D:4            Lair (6/6) D:11
  Swamp (4/4) Lair:4        Snake (4/4) Lair:3        Slime (5/5) Lair:5
    Orc (2/2) D:11            Elf (3/3) Orc:2        Vaults (5/5) D:13
  Crypt (3/3) Vaults:3       Tomb (0/3) Crypt:3      Depths (5/5) D:15
   Hell (visited)             Dis (0/7) Hell            Geh (0/7) Hell
    Coc (0/7) Hell            Tar (3/7) Hell            Zot (1/5) Depths:5
  Sewer (visited)          Bailey (visited)           IceCv (visited)
Desolation (visited)

Altars:
Ashenzari
Cheibriados
Dithmenos
Elyvilon
Fedhas
Gozag
Hepliaklqana
Kikubaaqudgha
Makhleb
Nemelex Xobeh
Okawaru
Qazlal
Ru
Sif Muna
Trog
Uskayaw
Vehumet
Wu Jian
Xom
Yredelemnul
Zin
The Shining One
Beogh
Lugonu

Shops:
D:4 =   D:12 :   Orc:2 =(!(?   Elf:3 (   Snake:2 (   Snake:3 }=}   Vaults:3 *:
Vaults:5 }=!(*

Portals:
Hell: Depths:1 Depths:2 Depths:3 Depths:4 Depths:5
Abyss: Depths:1 Depths:4
Pandemonium: Depths:3 Depths:5
Ziggurat: Depths:3

Annotations:
Lair:3 SoA at south
Crypt:2 3 runed translucent doors, exclusion: obsidian statue, Roocroe's ghost, veteran MiGl


Innate Abilities, Weirdness & Mutations

You are resistant to torment.
Your stone body is resilient. (AC +20)
You are immune to poison.
Your large and strong wings let you fly indefinitely.
You resist negative energy. (rN+)
You are resistant to electric shocks. (rElec)
You can survive without breathing.
You are immune to petrification.
You are immune to miasma.
You are partially covered in icy blue scales. (AC +2)
You are strong-willed. (Will+)


Message History

The iron troll claws you but does no damage.
The iron troll claws you!
The Tzitzimitl calls on the powers of darkness!
The iron troll convulses!
The stone giant convulses!
Your body is wracked with pain!
* * * LOW HITPOINT WARNING * * *
The stone giant closely misses you.
Unknown command.
You feel much better. The iron troll bites you!!
* * * LOW HITPOINT WARNING * * *
The iron troll claws you!
* * * LOW HITPOINT WARNING * * *
The iron troll closely misses you. The stone giant barely misses you.
The Tzitzimitl engulfs you but does no damage.
The Tzitzimitl misses you. The iron troll bites you.
* * * LOW HITPOINT WARNING * * *
The iron troll claws you!!
* * * LOW HITPOINT WARNING * * *
The iron troll claws you!
You die...

###...............
##.....................
###.#.#)..............##
# ######...............#
# ######..............##
###.#.#................#
##....................##
###....................#
.+..............@.....##
###............C1T.....#
##....................##
###...#................#
####'###.#.#.#.#.#.#.###
.###.###########.#####
..#...#.########'##
..........#.#.#...#.#.
.......................


You could see a Tzitzimitl, an iron troll (berserk) and a stone giant (berserk).

Vanquished Creatures
  the Royal Jelly (Slime:5)
  Boris (Vaults:2)
  A shard shrike (Zot:1)
  Saint Roka (Vaults:5)
  Geryon (Hell)
  Xtahua (Vaults:4)
  Nikola (Vaults:1)
  A profane servitor (Crypt:3)
  6 caustic shrikes
  2 golden dragons (Vaults:5)
  Jory (Depths:4)
  A bone dragon (Crypt:3)
  2 doom hounds (Tar:1)
  An electric golem (Zot:1)
  9 tentacled monstrosities
  4 Tzitzimimeh
  Jorgrun (D:12)
  6 liches
  Asterion (Snake:4)
  A quicksilver dragon (Depths:3)
  3 deep elf blademasters
  2 deep elf master archers (Elf:3)
  Murray (Hell)
  10 titans
  17 acid blobs
  A death cob (Zot:1)
  7 ancient champions
  5 sphinxes
  9 shadow dragons
  3 draconian monks
  A thorn hunter (Swamp:4)
  Agnes (Snake:1)
  11 nagarajas
  6 revenants
  6 tengu reavers
  Donald (Snake:1)
  4 storm dragons
  The ghost of Ubump the Cleaver, an adept GnBe of the Shining One (D:15)
  11 fire giants
  16 azure jellies
  A fenstrider witch (Swamp:4)
  5 iron dragons
  A draconian knight (Zot:1)
  An orc warlord (Vaults:2)
  8 vault wardens
  A draconian shifter (Zot:1)
  6 deep elf sorcerers
  A draconian scorcher (Depths:5)
  Aizul (Snake:1)
  10 frost giants
  2 imperial myrmidons (Desolation)
  A curse skull (Crypt:3)
  10 ghouls
  3 balrugs
  10 ironheart preservers
  3 angels (Depths:3)
  2 war gargoyles
  10 reapers
  2 draconian stormcallers (Zot:1)
  A juggernaut skeleton (Depths:2)
  7 deep elf elementalists
  39 very ugly things
  24 stone giants
  13 vampire knights
  Azrael (D:15)
  5 deep elf demonologists
  4 green draconians (Zot:1)
  3 black draconians (Depths:5)
  7 deep elf annihilators
  2 entropy weavers
  3 halazid warlocks (Desolation)
  4 spark wasps (Depths:5)
  5 white draconians (Zot:1)
  9 yellow draconians
  5 bunyips
  A purple draconian (Zot:1)
  A blizzard demon (Hell)
  2 eidola (Crypt:2)
  6 red draconians (Zot:1)
  A green death (Zot:1)
  4 death oozes (Slime:5)
  19 ettins
  2 crystal guardians
  A merfolk impaler (Depths:3)
  A merfolk javelineer (Depths:3)
  11 fire dragons
  8 deep elf death magi
  3 eleionomae
  21 jiangshi
  3 quicksilver dragon zombies
  13 yaktaur captains
  2 shambling mangroves
  8 ice dragons
  Josephine (D:12)
  32 vault guards
  3 deep elf high priests
  5 ragged hierophants (Desolation)
  10 great orbs of eyes
  8 rakshasas
  5 servants of whispers (Desolation)
  13 ogre magi
  21 hydras
  23 naga warriors
  A hell beast (Hell)
  Erolcha (Orc:2)
  3 spriggan air magi
  4 catoblepae
  9 boulder beetles
  6 peacekeepers (Desolation)
  A ghost crab (Swamp:2)
  4 anacondas
  12 alligators
  9 centaur warriors
  27 dancing weapons
  8 death knights
  9 deep troll shamans
  22 death yaks
  4 orc high priests
  5 tengu warriors
  9 hell hogs
  7 deep troll earth magi
  2 titan zombies
  6 spriggan berserkers
  39 two-headed ogres
  A spectral storm dragon (Crypt:3)
  6 sun demons (Hell)
  9 shock serpents
  12 vampire magi
  15 spriggans
  15 naga sharpshooters
  11 soul eaters
  Sonja (D:10)
  Nergalle (Lair:1)
  2 iron golems (Hell)
  A storm dragon zombie (Depths:2)
  5 iron trolls
  12 hell knights
  A salamander mystic (Snake:1)
  21 deep elf knights
  71 skeletal warriors
  3 titan skeletons (Depths:2)
  5 shadow wraiths
  2 spark wasp zombies (Depths:2)
  3 goliath frogs
  A goliath frog (shapeshifter) (Depths:4)
  2 golden dragon zombies
  5 shadow demons
  9 flayed ghosts
  An unseen horror (D:13)
  5 spriggan druids
  11 bog bodies
  5 wizards
  2 orange crystal statues (D:13)
  9 naga ritualists
  3 glowing orange brains
  A golden dragon skeleton (Tar:1)
  38 deep trolls
  18 deep elf archers
  An anaconda zombie (Hell)
  16 swamp dragons
  A lindwurm (shapeshifter) (Vaults:5)
  14 orc knights
  A sphinx zombie (Depths:2)
  16 ironbrand convokers
  3 iron dragon zombies
  5 wolf spiders
  7 phantasmal warriors
  6 harpies
  8 necromancers
  36 deep elf zephyrmancers
  7 mana vipers
  32 deep elf pyromancers
  3 oklob plants (Lair:3)
  38 ugly things
  7 will-o-the-wisps
  An orb spider (shapeshifter) (Vaults:1)
  A fire giant zombie (Depths:2)
  A frost giant zombie (Depths:2)
  A human zombie (Vaults:2)
  2 stone giant zombies
  2 tengu skeletons
  2 sphinx skeletons
  17 cyclopes
  3 manticores
  A faun (shapeshifter) (Vaults:5)
  3 shining eyes
  12 salamanders
  A salamander (shapeshifter) (Vaults:3)
  3 moths of wrath (Zot:1)
  2 stone giant skeletons
  20 elephants
  A fire giant skeleton (Tar:3)
  15 guardian serpents
  5 rust devils
  4 ice statues
  A black mamba (shapeshifter) (Vaults:1)
  3 smoke demons
  4 eyes of devastation
  A molten gargoyle (Desolation)
  A torpor snail (shapeshifter) (Vaults:5)
  2 frost giant skeletons
  11 vault sentinels
  2 water nymphs (shapeshifter) (Vaults:5)
  A minotaur zombie (Crypt:1)
  18 naga magi
  3 gargoyles
  26 black mambas
  An elf skeleton (Vaults:5)
  An alligator snapping turtle zombie (Crypt:1)
  2 torpor snails
  15 cane toads
  2 orange demons (Depths:3)
  8 rime drakes
  An efreet (D:14)
  7 komodo dragons
  A yaktaur zombie (Vaults:5)
  A demonic crawler (Hell)
  3 kobold demonologists
  2 tormentors
  13 freezing wraiths
  3 hellions
  53 yaktaurs
  2 spriggan zombies (Depths:2)
  An elf zombie (Depths:2)
  4 tengu conjurers
  3 hydra zombies
  16 ice devils
  A spriggan skeleton (Depths:2)
  2 silent spectres
  A troll (shapeshifter) (Elf:2)
  2 yaktaur skeletons (Vaults:3)
  7 red devils
  A harpy zombie (Tar:1)
  2 bloated husks (Swamp:2)
  6 polar bears
  A tyrant leech (shapeshifter) (Vaults:5)
  12 trolls
  20 hornets
  30 blink frogs
  2 hydra skeletons
  A guardian serpent zombie (Crypt:2)
  52 saltlings
  95 slime creatures
  15 tyrant leeches
  A fire dragon zombie (Crypt:1)
  2 human simulacra
  An ice dragon zombie (Tar:1)
  A stone giant simulacrum (Vaults:2)
  2 large abominations (Crypt:3)
  17 dream sheep
  75 flying skulls
  2 air elementals
  A redback (shapeshifter) (Depths:2)
  An alligator zombie (Hell)
  10 shadows
  A tarantella (shapeshifter) (Elf:1)
  A redback (Vaults:4)
  2 small abominations (Crypt:3)
  2 wyverns
  An ice dragon skeleton (Tar:3)
  A wind drake zombie (Crypt:2)
  2 ettin skeletons
  16 fire elementals
  7 water elementals
  68 yaks
  20 wraiths
  A basilisk (shapeshifter) (Depths:5)
  6 golden eyes
  3 basilisks
  4 fire bats (Depths:3)
  A steam dragon (D:13)
  A golden eye (shapeshifter) (Depths:5)
  A human (shapeshifter) (Depths:2)
  A chaos spawn (Depths:3)
  16 vampire mosquitoes
  A naga (shapeshifter) (Depths:3)
  16 swamp worms
  An acid dragon (D:13)
  78 nagas
  A harpy simulacrum (Vaults:1)
  A cane toad zombie (Hell)
  6 wargs
  26 hell hounds
  A soldier ant (D:15)
  11 water moccasins
  A two-headed ogre skeleton (Crypt:2)
  9 swamp drakes (Swamp:4)
  An infernal demonspawn skeleton (Crypt:1)
  2 sky beasts (D:14)
  4 ice beasts
  6 black bears
  A cane toad skeleton (Hell)
  66 orc warriors
  6 eyes of draining
  A black bear (shapeshifter) (Vaults:2)
  15 boggarts
  A snapping turtle skeleton (Tar:3)
  4 phantoms
  13 necrophages
  5 wolves (Lair:6)
  38 ogres
  30 centaurs
  2 swamp dragon skeletons
  6 big kobolds
  9 earth elementals
  21 bullfrogs
  6 human skeletons
  2 gnoll sergeants
  A wyvern zombie (D:9)
  2 scorpions
  A wyvern skeleton (D:12)
  9 killer bees
  A raiju skeleton (Crypt:1)
  13 wights
  4 howler monkeys
  An electric eel (Lair:2)
  6 crimson imps
  A bullfrog zombie (D:7)
  2 quasits
  7 centaur zombies
  2 draconian simulacra (IceCv)
  4 hounds
  2 bullfrog skeletons
  6 jellies
  24 orc priests
  A demonspawn zombie (Crypt:2)
  4 gnoll shamans (D:4)
  3 iron imps
  3 iguanas
  27 orc wizards
  A spriggan simulacrum (IceCv)
  12 hell rats (Hell)
  10 worker ants
  2 troll simulacra (IceCv)
  An acid dragon zombie (Crypt:1)
  3 centaur simulacra
  A deep dwarf zombie (Crypt:2)
  2 hound skeletons
  Robin (D:3)
  30 gnolls
  2 worker ant zombies
  9 adders
  A naga simulacrum (IceCv)
  2 ogre simulacra (IceCv)
  A river rat (Sewer)
  10 shadow imps
  3 white imps
  3 ufetubi
  5 oozes (Lair:5)
  A lava snake zombie (Crypt:2)
  An adder zombie (D:5)
  A worm (shapeshifter) (Vaults:1)
  7 worms
  3 leopard geckos
  123 orcs
  3 ball pythons
  11 bats
  6 giant cockroaches
  24 goblins
  8 hobgoblins
  26 jackals
  9 kobolds
  3 quokkas
  A jackal skeleton (Crypt:1)
  A leopard gecko skeleton (D:5)
  A quokka skeleton (D:4)
  9 rats
  A plant (Depths:3)
2973 creatures vanquished.

Vanquished Creatures (collateral kills)
  A two-headed ogre (D:15)
1 creature vanquished.

Vanquished Creatures (others)
  A red draconian (Zot:1)
  A purple draconian (Zot:1)
  A peacekeeper (Desolation)
  Erica (Lair:1)
  A two-headed ogre (D:13)
  A hell hog (Hell)
  A deep elf knight (Vaults:3)
  A deep troll (Vaults:1)
  A deep elf archer (Elf:1)
  A spectral fire dragon (Crypt:3)
  2 bloated husks
  A tyrant leech (Swamp:2)
  A floating eye (shapeshifter) (Elf:1)
  A hell rat (Hell)
  37 foxfires
  59 fungi
  58 plants
169 creatures vanquished.

Grand Total: 3143 creatures vanquished

Notes
Turn   | Place    | Note
-------+----------+-------------------------------------------
     0 | D:1      | zxkuqyb the Gargoyle Berserker began the quest for the Orb.
     0 | D:1      | Reached XP level 1. HP: 14/14 MP: 1/1
   537 | D:2      | Reached XP level 2. HP: 19/19 MP: 2/2
   613 | D:2      | Reached skill level 3 in Axes
   876 | D:2      | Reached XP level 3. HP: 23/23 MP: 3/3
  2449 | D:3      | Reached XP level 4. HP: 22/29 MP: 4/4
  2813 | D:3      | Reached XP level 5. HP: 30/33 MP: 5/5
  3152 | D:3      | Reached ** piety under Trog
  3260 | D:3      | Noticed Robin
  3276 | D:3      | Killed Robin
  3487 | D:4      | Reached skill level 4 in Axes
  3694 | D:4      | Found a staircase to the Ecumenical Temple.
  3717 | Temple   | Entered the Ecumenical Temple
  3891 | D:4      | Reached XP level 6. HP: 38/38 MP: 6/6
  4305 | D:4      | Found a shimmering altar of Xom.
  4658 | D:4      | Found Relybaepp's Jewellery Emporium.
  4672 | D:4      | Bought a cursed -4 ring of protection for 26 gold pieces
  4854 | D:4      | Reached *** piety under Trog
  4972 | D:4      | Reached XP level 7. HP: 42/44 MP: 7/7
  5114 | D:4      | Reached skill level 5 in Axes
  5152 | D:4      | Reached skill level 5 in Armour
  5203 | D:4      | Reached skill level 5 in Fighting
  5501 | D:5      | Entered Level 5 of the Dungeon
  5688 | D:5      | Reached XP level 8. HP: 49/49 MP: 8/8
  6155 | D:5      | Found Zin's Purification Station.
  6155 | D:5      | Found a glowing silver altar of Zin.
  6162 | D:5      | Bought a potion of curing for 90 gold pieces
  6548 | D:6      | Reached skill level 6 in Axes
  6707 | D:6      | Reached **** piety under Trog
  6716 | D:6      | Found a glowing drain.
  6723 | Sewer    | Entered a sewer
  6838 | Sewer    | Found a glowing silver altar of Zin.
  7427 | D:7      | Reached XP level 9. HP: 55/55 MP: 9/9
  7630 | D:7      | Reached ***** piety under Trog
  7994 | D:7      | Reached skill level 7 in Axes
  9182 | D:9      | Found a broken altar of Ashenzari.
  9508 | D:9      | Reached XP level 10. HP: 41/63 MP: 10/10
  9657 | D:9      | Reached skill level 8 in Axes
  9869 | D:10     | Entered Level 10 of the Dungeon
  9878 | D:10     | Noticed a two-headed ogre
  9898 | D:9      | Reached skill level 5 in Dodging
  9908 | D:10     | Killed a two-headed ogre
  9971 | D:10     | Noticed a gargoyle
  9979 | D:10     | Killed a gargoyle
 10298 | D:10     | Noticed a skeletal warrior
 10299 | D:10     | Identified Ecaddad's Incunabulum of Stolen Souls and Battle
                  | Magic
 10326 | D:10     | Killed a skeletal warrior
 10327 | D:10     | Reached skill level 10 in Armour
 10519 | D:10     | Noticed a tengu warrior
 10548 | D:10     | Killed a tengu warrior
 10549 | D:10     | Reached skill level 9 in Axes
 10832 | D:10     | Noticed Sonja
 10908 | D:10     | Reached XP level 11. HP: 59/68 MP: 11/11
 11088 | D:10     | Killed Sonja
 11088 | D:10     | Received a gift from Trog
 11410 | D:10     | Found a portal to a secret trove of treasure.
 11631 | D:11     | Found a flagged portal.
 11640 | Bailey   | Entered a bailey
 11872 | Bailey   | Noticed an orc knight
 11884 | Bailey   | Killed an orc knight
 12118 | D:11     | Found a staircase to the Orcish Mines.
 12814 | D:11     | Found a staircase to the Lair.
 12835 | D:11     | Reached skill level 10 in Axes
 13201 | Lair:1   | Entered Level 1 of the Lair of Beasts
 13228 | Lair:1   | Found a frozen archway.
 13304 | IceCv    | Entered an ice cave
 14075 | IceCv    | Noticed a necromancer
 14081 | IceCv    | Killed a necromancer
 14082 | IceCv    | Reached XP level 12. HP: 76/76 MP: 4/12
 14743 | Lair:1   | Reached skill level 1 in Evocations
 15017 | Lair:1   | Noticed Nergalle
 15028 | Lair:1   | Killed Nergalle
 15278 | Lair:2   | Noticed Erica
 15313 | Lair:1   | Killed Erica
 15457 | Lair:2   | Reached skill level 11 in Axes
 15563 | Lair:2   | Noticed a catoblepas
 15757 | Lair:2   | Killed a catoblepas
 16881 | D:10     | You paid a toll of 5 scrolls of fear to enter a treasure
                  | trove
 16882 | Trove    | Entered a treasure trove
 16943 | Trove    | Got a scorched pewter amulet
 16985 | D:10     | Identified the amulet "Haesablu" {Regen+ Int+4} (You found
                  | it in a treasure trove)
 17289 | Lair:3   | Reached skill level 10 in Fighting
 17314 | Lair:3   | Identified a scroll of acquirement
 17867 | Lair:3   | Reached XP level 13. HP: 66/82 MP: 4/13
 17958 | Lair:3   | Found a staircase to the Snake Pit.
 18101 | Lair:3   | Got a crude flail
 18672 | Lair:3   | Reached skill level 12 in Axes
 18799 | Lair:3   | Upgraded the game from 0.27-a0-170-g607d9e9d85 to
                  | 0.27-a0-203-gd48b2df3c9
 19162 | Lair:4   | Identified the +8 flail "Lafetusy" {pain, Will- Str+6} (You
                  | found it on level 3 of the Lair of Beasts)
 19177 | Lair:4   | Found a staircase to the Swamp.
 19836 | Lair:4   | Received a gift from Trog
 19849 | Lair:4   | Reached skill level 1 in Shields
 20429 | Lair:5   | Reached skill level 5 in Evocations
 20470 | Lair:5   | Gained mutation: Your large and strong wings let you fly
                  | indefinitely. [Gargoyle growth]
 20470 | Lair:5   | Reached XP level 14. HP: 90/90 MP: 4/14
 20641 | Lair:5   | Found a staircase to the Slime Pits.
 20801 | Lair:5   | Reached ****** piety under Trog
 20988 | Lair:5   | You are sucked into a shaft and drop 1 floor!
 20988 | Lair:6   | Entered Level 6 of the Lair of Beasts
 21003 | Lair:6   | Reached skill level 13 in Axes
 21066 | Lair:6   | Received a gift from Trog
 21087 | Lair:6   | Got a translucent executioner's axe {god gift}
 21088 | Lair:6   | Identified the +9 executioner's axe of the Boar {flame,
                  | SInv} (Trog gifted it to you on level 6 of the Lair of
                  | Beasts)
 22592 | Lair:6   | Reached XP level 15. HP: 47/96 MP: 15/15
 22808 | Lair:6   | Reached skill level 14 in Axes
 22955 | Lair:6   | Got a scintillating bone ring
 22958 | Lair:6   | Identified the ring of the Locust {Will+ Dex+2} (You found
                  | it on level 6 of the Lair of Beasts)
 23697 | Orc:1    | Entered Level 1 of the Orcish Mines
 23768 | Orc:1    | Received a gift from Trog
 24034 | Orc:2    | Entered Level 2 of the Orcish Mines
 24590 | Orc:2    | Found Gaxilini's Magic Scroll Shop.
 24667 | Orc:2    | Noticed Erolcha
 24682 | Orc:2    | Killed Erolcha
 24694 | Orc:2    | Found Jalek's Weapon Shop.
 24695 | Orc:2    | Found Ufilaca's Antique Weapon Shoppe.
 24695 | Orc:2    | Found Koucziun's Distillery.
 24725 | Orc:2    | Found Vesead's Jewellery Emporium.
 24737 | Orc:2    | Bought a cursed ring of attention for 63 gold pieces
 24770 | Orc:2    | Found a staircase to the Elven Halls.
 24993 | Orc:2    | Bought a scroll of acquirement for 780 gold pieces
 24993 | Orc:2    | Bought a scroll of teleportation for 45 gold pieces
 24993 | Orc:2    | Bought a scroll of blinking for 112 gold pieces
 25026 | Orc:2    | Found a roughly hewn altar of Beogh.
 25385 | Orc:1    | Received a gift from Trog
 26006 | D:12     | Noticed Josephine
 26011 | D:12     | Killed Josephine
 26057 | D:12     | Noticed Jorgrun
 26069 | D:12     | Killed Jorgrun
 26070 | D:12     | You are sucked into a shaft and drop 3 floors!
 26070 | D:15     | Entered Level 15 of the Dungeon
 26227 | D:13     | Reached skill level 10 in Dodging
 26540 | D:12     | Found Agoh's Book Boutique.
 26659 | D:13     | Reached XP level 16. HP: 86/103 MP: 13/16
 27105 | D:13     | Identified the cursed +1 fustibalus of Cheese {vorpal,
                  | Str+6} (You found it on level 13 of the Dungeon)
 27468 | D:13     | Reached skill level 15 in Axes
 27533 | D:13     | Found a gate to the Vaults.
 28138 | D:14     | Found a blossoming altar of Fedhas.
 28168 | D:14     | Reached skill level 15 in Armour
 28185 | D:14     | Received a gift from Trog
 29177 | D:15     | Found a transporter.
 29178 | D:15     | Noticed Ubump's ghost (adept GnBe)
 29183 | D:15     | Found a transporter.
 29209 | D:15     | Killed Ubump's ghost
 29598 | D:15     | Noticed Azrael
 29608 | D:15     | Killed Azrael
 29615 | D:15     | Found a staircase to the Depths.
 29719 | D:15     | HP: 4/104 [fire giant/+0 great sword of flaming (4)]
 30586 | Orc:2    | Bought a potion of heal wounds for 65 gold pieces
 30586 | Orc:2    | Bought a potion of heal wounds for 65 gold pieces
 30586 | Orc:2    | Bought a potion of resistance for 130 gold pieces
 30774 | Snake:1  | Entered Level 1 of the Snake Pit
 31413 | Snake:1  | Noticed Agnes
 31422 | Snake:1  | Killed Agnes
 31589 | Snake:1  | Noticed Aizul
 31589 | Snake:1  | Noticed Donald
 31597 | Snake:1  | Killed Donald
 31606 | Snake:1  | Killed Aizul
 31607 | Snake:1  | Reached XP level 17. HP: 87/109 MP: 17/17
 32136 | Snake:2  | Received a gift from Trog
 32366 | Snake:2  | Reached skill level 16 in Axes
 32855 | Snake:2  | Found Aqieduwe's Weapon Boutique.
 33263 | Snake:3  | Found a flickering gateway to a bazaar.
 33274 | Snake:3  | Found Fitiogith's Gadget Shop.
 33275 | Snake:3  | Found Zuthrar's Jewellery Shoppe.
 33310 | Bazaar   | Entered a bazaar
 33318 | Bazaar   | Found Biefojad's Antique Armour Shop.
 33318 | Bazaar   | Found Abbamunt's Gadget Shop.
 33363 | Bazaar   | Bought a pair of pitted gloves for 190 gold pieces
 33375 | Bazaar   | Identified the cursed +0 pair of gloves "Suir" {rF+ Regen+
                  | Stlth+} (You bought it in a shop in a bazaar)
 33424 | Snake:3  | Found Lovog's Gadget Shop.
 33801 | Snake:3  | Received a gift from Trog
 34618 | Snake:4  | Entered Level 4 of the Snake Pit
 34836 | Snake:4  | Noticed Asterion
 34849 | Snake:4  | Killed Asterion
 35114 | Snake:4  | Upgraded the game from 0.27-a0-203-gd48b2df3c9 to
                  | 0.27-a0-216-g1fbed8a51c
 35815 | Snake:4  | Reached skill level 10 in Evocations
 35818 | Snake:4  | Reached XP level 18. HP: 113/117 MP: 18/18
 36359 | Snake:4  | Received a gift from Trog
 36601 | Snake:4  | Reached skill level 17 in Axes
 36618 | Snake:4  | Got a serpentine rune of Zot
 37168 | Snake:4  | Received a gift from Trog
 37995 | Swamp:1  | Entered Level 1 of the Swamp
 38730 | Swamp:1  | Reached skill level 15 in Fighting
 39073 | Swamp:2  | Received a gift from Trog
 39491 | Swamp:2  | Identified the +1 hand axe of Truth {flame, rElec rPois
                  | rF+} (Trog gifted it to you on level 2 of the Swamp)
 39835 | Swamp:2  | Reached XP level 19. HP: 124/124 MP: 19/19
 41154 | Swamp:3  | Acquired a manual of Evocations
 41161 | Swamp:3  | Acquired a manual of Armour
 41165 | Swamp:3  | Acquired a +2 plate armour of cold resistance
 41167 | Swamp:3  | Acquired 999 gold pieces
 41171 | Swamp:3  | Acquired a manual of Fighting
 41798 | Swamp:3  | Noticed a tentacled monstrosity
 41805 | Swamp:3  | Killed a tentacled monstrosity
 41848 | Swamp:4  | Entered Level 4 of the Swamp
 41976 | Swamp:4  | Received a gift from Trog
 41989 | Swamp:4  | Reached skill level 18 in Axes
 42026 | Swamp:4  | Got a decaying rune of Zot
 42056 | Swamp:4  | Noticed a tentacled monstrosity
 42264 | Swamp:4  | Found a basalt altar of Yredelemnul.
 42439 | Swamp:4  | Acquired the +9 crystal plate armour "Oshro" {rElec rPois
                  | rCorr}
 42486 | Swamp:4  | Identified the +8 chain mail of Duty {rPois rN+ Str-2 SInv}
                  | (You found it on level 4 of the Swamp)
 42577 | Swamp:4  | Got a pitted hand axe
 42577 | Swamp:4  | Identified the cursed +3 hand axe "Iwnoocos" {speed, rC+}
                  | (You found it on level 4 of the Swamp)
 42990 | Vaults:1 | Entered Level 1 of the Vaults
 43011 | Vaults:1 | Noticed Nikola
 43074 | Vaults:1 | Killed Nikola
 43145 | Vaults:1 | Reached XP level 20. HP: 81/132 MP: 20/20
 43354 | Vaults:1 | Received a gift from Trog
 43476 | Vaults:1 | Got a heavily runed scale mail
 43667 | Vaults:1 | Got a translucent ring mail
 44233 | Vaults:2 | Identified the +4 scale mail of Wu Jian's Anger {rPois
                  | Str+4 Dex+3} (You found it on level 1 of the Vaults)
 44244 | Vaults:2 | Identified the +1 ring mail "Keleshri" {+Inv Stlth+} (You
                  | found it on level 1 of the Vaults)
 44323 | Vaults:2 | Received a gift from Trog
 44587 | Vaults:2 | Noticed Boris
 44604 | Vaults:2 | Killed Boris
 44922 | Vaults:2 | Reached skill level 19 in Axes
 45656 | Vaults:3 | Found Raenlim's Assorted Antiques.
 45668 | Vaults:3 | Received a gift from Trog
 45882 | Vaults:3 | Reached XP level 21. HP: 140/140 MP: 21/21
 46067 | Vaults:3 | Identified the +1 robe "Ehegy" {rElec Will+ Regen+ Int-4}
 46481 | Vaults:3 | Received a gift from Trog
 46564 | Vaults:3 | Found Baipter's Book Emporium.
 46878 | Vaults:3 | Found a staircase to the Crypt.
 47079 | Vaults:4 | Received a gift from Trog
 47172 | Vaults:4 | Noticed Xtahua
 47183 | Vaults:4 | Killed Xtahua
 47214 | Vaults:4 | Identified the +3 scale mail of Sunlight {*Drain rPois
                  | Regen+ Int+7} (You found it on level 4 of the Vaults)
 47298 | Vaults:4 | Identified the +10 lajatang "Unotis" {protect, *Rage rElec
                  | Str+6} (You found it on level 4 of the Vaults)
 47751 | Vaults:4 | Received a gift from Trog
 47762 | Vaults:4 | Identified the +11 battleaxe "Yximia Azxa" {vorpal, Dex+2}
                  | (Trog gifted it to you on level 4 of the Vaults)
 47809 | Vaults:4 | Reached XP level 22. HP: 148/148 MP: 22/22
 48274 | Crypt:1  | Entered Level 1 of the Crypt
 48290 | Crypt:1  | Reached skill level 20 in Axes
 48424 | Crypt:1  | Reached skill level 15 in Evocations
 48692 | Crypt:1  | Received a gift from Trog
 49510 | Crypt:2  | Found a runed translucent gate.
 49510 | Crypt:2  | Found a runed translucent gate.
 49511 | Crypt:2  | Found an opulent altar of Gozag.
 49511 | Crypt:2  | Found a runed translucent gate.
 49511 | Crypt:2  | Noticed Roocroe's ghost (veteran MiGl)
 49758 | Crypt:3  | Entered Level 3 of the Crypt
 49811 | Crypt:3  | Received a gift from Trog
 50019 | Crypt:3  | Found an ancient bone altar of Kikubaaqudgha.
 50175 | Crypt:3  | Received a gift from Trog
 50331 | Crypt:3  | Reached XP level 23. HP: 138/155 MP: 23/23
 50381 | Crypt:3  | Got a vibrating silver ring
 50382 | Crypt:3  | Identified the Handbook of Evil
 50444 | Crypt:3  | Identified the cursed ring of Tiggie {Int+5 Dex-4} (You
                  | found it on level 3 of the Crypt)
 50791 | Crypt:3  | Found a staircase to the Tomb.
 51213 | Elf:1    | Entered Level 1 of the Elven Halls
 51251 | Elf:1    | Received a gift from Trog
 51429 | Elf:1    | Identified the Tome of Conjuration
 51530 | Elf:1    | Reached skill level 21 in Axes
 52201 | Elf:2    | Received a gift from Trog
 52220 | Elf:2    | Found a huge runed translucent gate.
 52220 | Elf:2    | Found a huge runed translucent gate.
 52220 | Elf:2    | Found a huge runed translucent gate.
 52220 | Elf:2    | Found a huge runed translucent gate.
 52221 | Elf:2    | Found a huge runed translucent gate.
 52281 | Elf:2    | Found a ruined gateway.
 52300 | Desolati | Entered the Desolation of Salt
 52473 | Desolati | Identified the Disquisition on Black Rituals
 52476 | Desolati | Got a fine amber ring
 52489 | Desolati | Identified the +7 halberd of Kilirr {vamp, *Noise Will+
                  | Int+9} (You found it in the Desolation of Salt)
 52492 | Desolati | Identified the ring of the Smoking Queen {+Inv MP+9 Str+2
                  | Slay+3} (You found it in the Desolation of Salt)
 52675 | Desolati | Got a twitching ruby amulet
 52687 | Desolati | Got a translucent spear
 52913 | Desolati | Found the +12 glaive of Prune {vorpal}
 52919 | Desolati | Reached XP level 24. HP: 127/158 MP: 23/23
 52928 | Desolati | Received a gift from Trog
 52952 | Desolati | Identified Vistrucze's Grimoire of Changing and Earth
 52960 | Desolati | Got a bound copper ring
 52962 | Desolati | Identified the ring "Nemm" {Ice Int+4} (You found it in the
                  | Desolation of Salt)
 52976 | Desolati | Identified the amulet of Twilight {Acrobat *Slow rElec
                  | Str+3} (You found it in the Desolation of Salt)
 53523 | Elf:2    | Found a shimmering blue altar of Sif Muna.
 53609 | Elf:2    | Identified Igyp's Catalogue of the Escort
 53622 | Elf:2    | Identified the amulet of Ladimem {RegenMP rF+ rC- rN+
                  | Dex+4} (You found it on level 2 of the Elven Halls)
 53623 | Elf:2    | Identified the +8 spear of Grace {pain, +Inv rN+ Str-2
                  | SInv} (You found it in the Desolation of Salt)
 53771 | Elf:2    | Received a gift from Trog
 54095 | Elf:3    | Entered Level 3 of the Elven Halls
 54357 | Elf:3    | Got a brightly glowing long sword
 54357 | Elf:3    | Identified the +4 long sword "Omelette" {vorpal, rElec
                  | Dex+2} (You found it on level 3 of the Elven Halls)
 54606 | Elf:3    | Found Beeph's Antique Weapon Shop.
 54940 | Elf:3    | Reached skill level 15 in Dodging
 55128 | Elf:3    | Received a gift from Trog
 55182 | Elf:3    | Got a smoking bronze ring
 55191 | Elf:3    | Identified the ring "Piumyzoph" {Ice rElec Stlth+} (You
                  | found it on level 3 of the Elven Halls)
 55198 | Elf:3    | Got a pair of buzzing gloves
 55256 | Elf:3    | Identified the +5 demon trident "Setwumpil" {vamp, rElec
                  | rC+}
 55328 | Elf:3    | Identified the +5 pair of gloves of Creativity {Rampage
                  | Int+3} (You found it on level 3 of the Elven Halls)
 55793 | Vaults:5 | Entered Level 5 of the Vaults
 55830 | Vaults:4 | Reached skill level 22 in Axes
 55934 | Vaults:4 | Received a gift from Trog
 56178 | Vaults:5 | Reached XP level 25. HP: 149/169 MP: 23/23
 56243 | Vaults:5 | Noticed Saint Roka
 56257 | Vaults:5 | Killed Saint Roka
 56267 | Vaults:5 | Found Gecrue Sucom's Distillery.
 56315 | Vaults:5 | Bought a potion of heal wounds for 70 gold pieces
 56315 | Vaults:5 | Bought 2 potions of haste for 280 gold pieces
 56465 | Vaults:5 | Received a gift from Trog
 57201 | Vaults:5 | Found Vuarore's Gadget Emporium.
 57235 | Vaults:5 | Got a silver rune of Zot
 57303 | Vaults:5 | Received a gift from Trog
 57521 | Vaults:5 | Found Jytse Sau's Antique Weapon Shoppe.
 57534 | Vaults:5 | Found Xaet's General Store.
 57538 | Vaults:5 | Bought a scroll of holy word for 150 gold pieces
 57542 | Vaults:5 | Found Kidocw's Jewellery Shop.
 58270 | Slime:1  | Entered Level 1 of the Pits of Slime
 58462 | Lair:5   | Reached XP level 26. HP: 175/177 MP: 23/23
 58674 | Slime:1  | Gained mutation: Armour fits poorly on your strangely
                  | shaped body. [a shining eye]
 58790 | Lair:5   | Lost mutation: Armour fits poorly on your strangely shaped
                  | body. [potion of mutation]
 58790 | Lair:5   | Gained mutation: You have a pair of small horns on your
                  | head. [potion of mutation]
 58790 | Lair:5   | Gained mutation: You are surrounded by a mild repulsion
                  | field. (EV +2) [potion of mutation]
 58790 | Lair:5   | Gained mutation: You are weak. (Str -2) [potion of
                  | mutation]
 58790 | Lair:5   | Gained mutation: You are partially covered in large bone
                  | plates. (SH +4) [potion of mutation]
 58791 | Lair:5   | Lost mutation: You have a pair of small horns on your head.
                  | [potion of mutation]
 58791 | Lair:5   | Lost mutation: You are weak. (Str -2) [potion of mutation]
 58791 | Lair:5   | Lost mutation: You are partially covered in large bone
                  | plates. (SH +4) [potion of mutation]
 58791 | Lair:5   | Gained mutation: You have supernaturally acute eyesight.
                  | (SInv) [potion of mutation]
 58791 | Lair:5   | Gained mutation: You do not regenerate when monsters are
                  | visible. [potion of mutation]
 58791 | Lair:5   | Gained mutation: You are partially covered in icy blue
                  | scales. (AC +2) [potion of mutation]
 58791 | Lair:5   | Gained mutation: You have sharp toenails. [potion of
                  | mutation]
 58828 | Slime:2  | Received a gift from Trog
 58856 | Slime:2  | Reached skill level 23 in Axes
 59303 | Slime:5  | Entered Level 5 of the Pits of Slime
 59389 | Slime:5  | Noticed the Royal Jelly
 59396 | Slime:5  | Killed the Royal Jelly
 59607 | Slime:5  | Lost mutation: You have supernaturally acute eyesight.
                  | (SInv) [a shining eye]
 59614 | Slime:5  | Found the +10 morningstar "Eos" {elec, Halo rElec}
 59737 | Slime:5  | Got a twitching graven amulet
 59777 | Slime:5  | Identified the amulet "Festru" {Reflect rElec Dex-4 SH+5
                  | SInv Stlth+} (You found it on level 5 of the Pits of Slime)
 59857 | Slime:5  | Got a slimy rune of Zot
 59859 | Slime:5  | Identified the cursed +1 demon blade of Demonkind {vorpal,
                  | Will- Int+7 Dex-3 Stlth+} (You found it on level 5 of the
                  | Pits of Slime)
 60174 | Lair:5   | Lost mutation: You have sharp toenails. [potion of
                  | mutation]
 60174 | Lair:5   | Lost mutation: You do not regenerate when monsters are
                  | visible. [potion of mutation]
 60174 | Lair:5   | Gained mutation: You tend to lose your temper in combat.
                  | [potion of mutation]
 60174 | Lair:5   | Gained mutation: You evolve. [potion of mutation]
 60175 | Lair:5   | Lost mutation: You evolve. [potion of mutation]
 60175 | Lair:5   | Lost mutation: You tend to lose your temper in combat.
                  | [potion of mutation]
 60175 | Lair:5   | Lost mutation: You are surrounded by a mild repulsion
                  | field. (EV +2) [potion of mutation]
 60175 | Lair:5   | Gained mutation: You do not regenerate when monsters are
                  | visible. [potion of mutation]
 60175 | Lair:5   | Gained mutation: You have sharp toenails. [potion of
                  | mutation]
 60176 | Lair:5   | Lost mutation: You do not regenerate when monsters are
                  | visible. [potion of mutation]
 60176 | Lair:5   | Lost mutation: You have sharp toenails. [potion of
                  | mutation]
 60176 | Lair:5   | Gained mutation: You are strong-willed. (Will+) [potion of
                  | mutation]
 60459 | Depths:1 | Entered Level 1 of the Depths
 60483 | Depths:1 | Received a gift from Trog
 60731 | Depths:1 | Found a gateway to Hell.
 61167 | Depths:1 | Found a corrupted altar of Lugonu.
 61167 | Depths:1 | Found a one-way gate to the infinite horrors of the Abyss.
 61503 | Depths:2 | Received a gift from Trog
 61914 | Depths:2 | Reached XP level 27. HP: 184/184 MP: 23/23
 62260 | Depths:3 | Received a gift from Trog
 62294 | Depths:3 | Identified the +4 battleaxe of Expedience {vorpal, rElec
                  | Int+2} (Trog gifted it to you on level 3 of the Depths)
 62567 | Depths:3 | Found a one-way gate leading to the halls of Pandemonium.
 62699 | Depths:3 | Reached skill level 24 in Axes
 63032 | Depths:3 | Found a gateway to a ziggurat.
 63328 | Depths:4 | Noticed Jory
 63345 | Depths:4 | Killed Jory
 63349 | Depths:4 | Received a gift from Trog
 63982 | Depths:5 | Entered Level 5 of the Depths
 64415 | Depths:5 | Received a gift from Trog
 64686 | Depths:5 | Identified the +6 chain mail of the Candlemaker {Will++
                  | Str+6} (You found it on level 5 of the Depths)
 65018 | Depths:5 | Found a gate to the Realm of Zot.
 65246 | Hell     | Entered the Vestibule of Hell
 65246 | Hell     | Noticed Geryon
 65246 | Hell     | Noticed Murray
 65437 | Hell     | Killed Murray
 65615 | Depths:4 | Received a gift from Trog
 65803 | Hell     | Killed Geryon
 65858 | Hell     | Found a gateway to the freezing wastes of Cocytus.
 65945 | Hell     | Reached skill level 25 in Axes
 66019 | Hell     | Found a gateway to the ashen valley of Gehenna.
 66120 | Hell     | Found a gateway to the Iron City of Dis.
 66261 | Hell     | Found a gateway to the decaying netherworld of Tartarus.
 66695 | Temple   | Fell from the grace of Trog
 66695 | Temple   | Became a worshipper of the Shining One
 67093 | Zot:1    | Entered Level 1 of the Realm of Zot
 67137 | Zot:1    | Identified the cursed +1 fustibalus of the Depths {venom,
                  | Str+5} (You found it on level 1 of the Realm of Zot)
 67663 | Zot:1    | Reached * piety under the Shining One
 67994 | Zot:1    | Identified the +5 ring mail of Evvewn {*Contam Harm +Fly
                  | rCorr} (You found it on level 1 of the Realm of Zot)
 68236 | Zot:1    | Reached ** piety under the Shining One
 68562 | Tar:1    | Entered Level 1 of Tartarus
 68649 | Tar:1    | Reached *** piety under the Shining One
 68760 | Tar:1    | Reached **** piety under the Shining One
 69017 | Tar:1    | Reached ***** piety under the Shining One
 69708 | Tar:3    | Reached ****** piety under the Shining One
 69754 | Tar:3    | Reached skill level 1 in Invocations
 70104 | Tar:3    | HP: 4/188 [iron troll[the rage of Trog] (22)]
 70104 | Tar:3    | Mangled by an iron troll

Illustrated notes

Levels and vault maps discovered:
D:1:      ncdulo_wetmaze, layout_rooms
D:2:      layout_basic, serial_co_window_serial, co_window_paths_b,
          co_window_cross_1, co_window_paths_b, co_window_paths_b,
          co_window_paths_a, co_window_of_opportunity_a, co_window_paths_a,
          co_window_of_opportunity_b, co_window_corner_b, co_window_broadway_a,
          co_window_of_opportunity_b, co_window_paths_c, co_window_paths_c,
          glass_columns_b, glass_columns_a
D:3:      kennysheep_goblin_castle, layout_loops_ring, minmay_misc_feat_doors
D:4:      lemuel_castle_with_subvaults [lemuel_castle_interior_carwin_2],
          layout_layer_cave, minmay_temple_entry_grid, serial_shops,
          nicolae_shop_temple_entry_statues_fountains, minmay_crystal_water,
          minmay_statues_item, brannock_xom_greatest_gift
D:5:      layout_gridville, zin_purify
D:6:      layout_cave_pools, portal_sewer_entry_e
D:7:      layout_loops_cross, minmay_between
D:8:      layout_gridville, st_stairs_12
D:9:      layout_roguey, lemuel_doored_altar
D:10:     minmay_the_grid_four_pointed_star_mashed
          [minmay_the_grid_triangle_9x9_zippers_vertical,
          minmay_the_grid_triangle_9x9_from_above,
          minmay_the_grid_triangle_9x9_flanged_cone,
          minmay_the_grid_triangle_9x9_warning,
          minmay_the_grid_prize_four_corners_diamond_b], layout_gridville,
          nicolae_trove_entry_diagonal, uniq_sonja
D:11:     layout_stronghold, david_lair_generic, orc_0_dummy, enter_bailey_2
D:12:     layout_rooms, serial_shops, shop, uniq_jorgrun, uniq_josephine
D:13:     layout_big_octagon, grunt_vaults_entry_fortified, drop_trap,
          hangedman_decor_lopped, amcnicky_mini_pool_small, minmay_more_statues
D:14:     minmay_stone_box, layout_loops_corners, fedhas_altar_3
D:15:     grunt_enter_depths_giant_problem, layout_layer_cave,
          gammafunk_ghost_smash, uniq_azrael
Temple:   regret_index_temple_chain_breaker
Lair:1:   layout_regular_city, portal_ice_cave_rime, lemuel_fruit_fields,
          grunt_megastairs_1, uniq_nergalle
Lair:2:   layout_cave_pods, serial_bayou_ford_a, uniq_erica
Lair:3:   layout_hall_layers, guppyfry_snake_entry_island,
          infiniplex_staircase_pool_2, grunt_megastairs_2,
          minmay_lair_oklob_chamber
Lair:4:   layout_big_grid, skrybe_swamp_entry_bodies
Lair:5:   layout_loops_ring, nicolae_slime_entry_slimehenge
Lair:6:   evilmike_catoblepas_cave, layout_cave_pods, grunt_megastairs_4
Swamp:1:  layout_falls_marsh, evilmike_swamp_ruin_rubble_1, swamp_pool3,
          hangedman_swamp_cone
Swamp:2:  layout_falls_marsh, serial_swamp_ruin, evilmike_swamp_ruin_house_1,
          hangedman_swamp_ruin_hall, evilmike_swamp_ruin_rubble_2, swamp_pool1
Swamp:3:  layout_basic_swamp, evilmike_swamp_ruin_house_3, swamp_pool2,
          hangedman_swamp_double_dragon
Swamp:4:  swamp_alternative, layout_basic_swamp, grunt_ruined_hall,
          infiniplex_staircase_pool
Snake:1:  layout_cave_pods, uniq_aizul, uniq_donald, uniq_agnes
Snake:2:  layout_misc_corridors, serial_shops, shop
Snake:3:  layout_rooms, serial_shops, bzr_entry_safe, minmay_shop_grove
Snake:4:  grunt_snake_rune_spirals, layout_onion, st_stairs_9, uniq_asterion
Slime:1:  layout_caves
Slime:2:  layout_caves
Slime:3:  cheibrodos_slime_lost_civilization_9, layout_caves
Slime:4:  layout_caves
Slime:5
Orc:1:    layout_diamond_mine
Orc:2:    st_orc_rangers, layout_caves, serial_shops, nicolae_shop_statue_plus,
          minmay_orc_temple_c, uniq_erolcha
Elf:1:    eino_elf_arrival_shootout, layout_geoelf_octagon,
          minmay_elf_annihilation, palyth_stone_intersect,
          kilobyte_rumbling_trees
Elf:2:    layout_loops_cross, portal_desolation_entry_salt,
          hangedman_summoners_spam
Elf:3:    elf_hall_gauntlet_wide, layout_geoelf_grid, serial_shops,
          nicolae_shop_behind_doors
Vaults:1: ontoclasm_vaults_gateway, nicolae_vaults_mini_display_case,
          vaults_mumra_minichess, ontoclasm_vaults_fault,
          grunt_vaults_hallway_short, hangedman_vaults_hat,
          hangedman_vaults_snaps, vaults_room_grunt_arrival_ludios,
          vaults_mumra_chevron, layout_vaults_big_room, uniq_nikola
Vaults:2: vaults_room_boxed, v_misc_23, nicolae_vaults_network_s,
          v_alt_pattern_2, v_misc_12, ontoclasm_vaults_tryst, vaults_dpeg_cross,
          ontoclasm_vaults_loading_screen, layout_vaults_big_cross, uniq_boris
Vaults:3: v_alt_pattern_1, minmay_crypt_entry_skeletal_spiral,
          ontoclasm_vaults_misaligned, nicolae_vaults_little_squares_2,
          v_alt_pattern_2, v_pattern_5, hangedman_vaults_restitches,
          vaults_room_mumra_shop_pool, v_alt_pattern_3, ontoclasm_vaults_twist,
          vaults_room_door_hall, vaults_room_corners, layout_vaults_ring,
          serial_shops, nicolae_shop_statue_plus
Vaults:4: grunt_vaults_diagonal, hangedman_vaults_restitches, v_alt_pattern_4,
          nicolae_vaults_little_squares_6, hangedman_vaults_impose, v_misc_26,
          nicolae_vaults_stairing_the_circle, dpeg_vaults_monster_row,
          v_misc_22, serial_ice_g, hangedman_vaults_unwind,
          nicolae_vaults_network_barrier, ontoclasm_vaults_decontamination,
          vaults_room_hallway, vaults_room_stairs_pillars,
          layout_vaults_maze_snakey, uniq_xtahua
Vaults:5: uniq_saint_roka
Crypt:1:  layout_misc_corridors
Crypt:2:  layout_misc_corridors, ebering_ghost_gozag, item_on_display_a,
          grunt_megastairs_3
Crypt:3:  grunt_crypt_end_deaths_head
Depths:1: layout_gridlike, grunt_hell_horde, abyss_entry_flame_altar,
          serial_sigils, serial_sigils_hangedman_confine,
          serial_sigils_hangedman_shear, serial_sigils_hangedman_writhe,
          serial_sigils_hangedman_clutch, serial_sigils_hangedman_shear,
          kennysheep_generic_room_12
Depths:2: hangedman_screamer, layout_cave_shapes, hangedman_coc_ice_floe,
          chequers_serial_rivers_micro_e, serial_bayou_shore_b,
          minmay_staircase_bubble
Depths:3: grunt_x_marks_the_spot, layout_gridlike, enter_ziggurat_d,
          hangedman_decor_points, pf_dread_powers_of_hell,
          grunt_pan_entry_spiral, serial_bayou_shore_a,
          infiniplex_staircase_pool_lava
Depths:4: cheibrodos_birdhouse, layout_gridville, abyss_entry, hell_entry,
          minmay_misc_feat_room, uniq_jory
Depths:5: grunt_bruiser_brothers, layout_gridlike,
          hangedman_decor_diamond_cutter, pan_entry, hell_entry
Hell
Tar:1:    layout_cathedral_of_symmetry
Tar:2:    layout_grid_maze
Tar:3:    layout_grid_maze, lemuel_elevator
Zot:1:    layout_misc_corridors, hangedman_zot_spectrum

Skill      XL: |  1  2  3  4  5  6  7  8  9 10 11 12 13 14 15 16 17 18 19 20 21 22 23 24 25 26 27 |
---------------+----------------------------------------------------------------------------------+-----
Axes           | 3 4 5 6 7 9 10 11 12 13 14 15 16 17 18 19 20 21 22 23 25 | 25.7
Dodging        | 2 3 4 5 6 7 8 9 10 11 12 13 14 15 16 18 | 18.0
Fighting       | 4 5 7 8 9 10 11 12 13 14 15 16 17 18 19 20 21 23 | 23.4
Armour         | 3 4 5 7 8 10 11 12 13 14 15 16 17 19 20 21 22 24 | 24.5
Evocations     | 3 5 6 7 9 10 12 13 14 15 16 17 19 | 19.3
Shields        | 1 |  1.0
Invocations    | 2 |  2.1

Action                   |  1- 3 |  4- 6 |  7- 9 | 10-12 | 13-15 | 16-18 | 19-21 | 22-24 | 25-27 || total
-------------------------+-------+-------+-------+-------+-------+-------+-------+-------+-------++-------
Melee: Hand axe          |   113 |    83 |       |       |       |       |       |       |       ||   196
       Broad axe         |       |   118 |   170 |   573 |   457 |       |       |       |       ||  1318
       Flail             |       |       |   224 |       |       |       |       |       |       ||   224
       War axe           |       |       |    60 |   169 |       |       |       |       |       ||   229
       Executioner's axe |       |       |       |       |   410 |   902 |   978 |  1149 |  1869 ||  5308
Throw: Boomerang         |       |       |       |     4 |       |       |       |       |       ||     4
       Throwing net      |       |       |       |     1 |       |       |     1 |       |       ||     2
Invok: Berserk           |     1 |     3 |     2 |     9 |     3 |     2 |     1 |       |       ||    21
       Trog's Hand       |       |       |       |     3 |    13 |    10 |     8 |       |     5 ||    39
       Brothers in Arms  |       |       |       |     1 |       |     1 |       |       |       ||     2
 Abil: Fly               |       |       |       |       |     1 |       |       |       |       ||     1
Evoke: Wand              |       |       |       |     6 |     3 |     1 |       |     4 |     2 ||    16
       Lightning rod     |       |       |       |       |     3 |       |       |       |     1 ||     4
       Condenser vane    |       |       |       |       |     1 |       |       |     1 |       ||     2
  Use: Potion            |       |     2 |       |       |       |     8 |     3 |     1 |    12 ||    26
       Scroll            |       |     2 |     9 |    14 |    11 |    22 |    19 |     9 |    17 ||   103
 Stab: Distracted        |       |       |       |       |       |     1 |       |       |     1 ||     2
Armor: Leather armour    |    60 |    24 |       |       |       |       |       |       |       ||    84
       Chain mail        |       |   166 |   220 |       |   303 |   717 |    46 |       |       ||  1452
       Plate armour      |       |       |   167 |   733 |   486 |       |   534 |       |       ||  1920
       Crystal plate arm |       |       |       |       |       |       |   445 |  1142 |  1904 ||  3491
Dodge: Dodged            |    75 |   153 |   342 |   727 |   907 |   794 |   902 |   795 |  1572 ||  6267
Block: Buckler           |       |       |       |       |     4 |       |       |       |       ||     4

Table legend: (Time is in decaauts)
 A = Elapsed time spent in this place.
 B = Non-inter-level travel time spent in this place.
 C = Inter-level travel time spent in this place.
 D = Time resting spent in this place.
 E = Time spent auto-exploring this place.
 F = Levels seen in this place.
 G = Mean time per level.
                   A        B        C        D        E       F      G
               +--------+--------+--------+--------+--------+-----+--------+
         Total |  70688 |  65801 |   4887 |  16818 |  27742 |  64 | 1104.5 |
       Dungeon |  19080 |  17044 |   2036 |   3744 |   8600 |  15 | 1272.0 |
        Temple |    166 |    139 |     27 |      0 |    114 |   1 |  166.0 |
          Lair |  10702 |   9996 |    706 |   3956 |   3497 |   6 | 1783.7 |
         Swamp |   4866 |   4664 |    202 |   1818 |   1507 |   4 | 1216.5 |
     Snake Pit |   7214 |   6971 |    243 |   2727 |   2059 |   4 | 1803.5 |
    Slime Pits |   1134 |   1134 |      0 |    506 |      0 |   5 |  226.8 |
  Orcish Mines |   2045 |   1821 |    224 |    177 |   1124 |   2 | 1022.5 |
   Elven Halls |   3425 |   3308 |    117 |    405 |   1168 |   3 | 1141.7 |
        Vaults |   7814 |   7225 |    589 |   1121 |   3311 |   5 | 1562.8 |
         Crypt |   2586 |   2420 |    166 |    196 |    938 |   3 |  862.0 |
        Depths |   5593 |   5105 |    488 |   1000 |   2733 |   5 | 1118.6 |
          Hell |    589 |    567 |     22 |      0 |    293 |   1 |  589.0 |
      Tartarus |   1572 |   1549 |     23 |      0 |   1198 |   3 |  524.0 |
           Zot |   1134 |   1094 |     40 |    265 |    556 |   1 | 1134.0 |
        Bazaar |     89 |     89 |      0 |      0 |      0 |   1 |   89.0 |
         Trove |     99 |     99 |      0 |      0 |      7 |   1 |   99.0 |
         Sewer |    193 |    193 |      0 |      0 |    137 |   1 |  193.0 |
        Bailey |    494 |    494 |      0 |    293 |      0 |   1 |  494.0 |
      Ice Cave |   1027 |   1027 |      0 |    535 |    100 |   1 | 1027.0 |
    Desolation |    857 |    857 |      0 |     72 |    398 |   1 |  857.0 |
               +--------+--------+--------+--------+--------+-----+--------+

Top non-repeatable levels by time:
 Snake:4: 3083 daAuts
  Lair:6: 2126 daAuts
     D:4: 2015 daAuts
    D:11: 1963 daAuts
 Swamp:1: 1932 daAuts
    D:15: 1928 daAuts
     D:2: 1912 daAuts
    D:10: 1880 daAuts
  Lair:5: 1862 daAuts
  Lair:3: 1851 daAuts
Vaults:5: 1800 daAuts
  Lair:2: 1747 daAuts
Vaults:2: 1655 daAuts
Vaults:4: 1645 daAuts
 Snake:3: 1637 daAuts
